General information
- name: Partida local (miguel)
- type: Custom game
- host: miguel
- saver: miguel
map: Circumvention
- players: 2
- length: 07:57
- speed: Fast
- version: 1.26 W3XP
- replay type: Public
» download(38 KB)
Players
team 1 (winner)
miguel (
brown | 38 APM | 304 actions | 07:57)
1 Archmage
1 Blizzard
» actions
| Assign group hotkey | 1 | |
| Build / train | 20 | |
| Enter build submenu | 16 | |
| Enter hero's abilities submenu | 1 | |
| Right click | 139 | |
| Select / deselect | 103 | |
| Select group hotkey | 1 | |
| Use ability | 23 | |
304 total
» units
» buildings
| Lumber Mill | 1 | |
| Scout Tower | 11 | |
| Arcane Tower | 1 | |
| Guard Tower | 9 | |
| Altar of Kings | 1 | |
| Farm | 1 | |
24 total
» build order
00:07 Lumber Mill
00:50 Scout Tower
00:51 Scout Tower
00:54 Scout Tower
00:56 Scout Tower
01:20 Arcane Tower
01:48 Guard Tower
02:25 Guard Tower
02:25 Guard Tower
02:47 Guard Tower
03:20 Scout Tower
03:41 Altar of Kings
04:00 Guard Tower
04:28 Scout Tower
05:16 Guard Tower
05:26 Farm
05:40 Scout Tower
06:34 Guard Tower
06:41 Scout Tower
06:48 Scout Tower
07:05 Scout Tower
07:22 Guard Tower
07:36 Guard Tower
07:41 Scout Tower
team 2 (loser)
kodachi (
red | 54 APM | 408 actions | 07:37)
1 Tauren Chieftain
1 War Stomp
» actions
| Build / train | 12 | |
| Enter build submenu | 12 | |
| Enter hero's abilities submenu | 1 | |
| Remove unit from queue | 2 | |
| Right click | 250 | |
| Select / deselect | 118 | |
| Use ability | 13 | |
408 total
» units
» buildings
| Altar of Storms | 1 | |
| War Mill | 1 | |
| Orc Burrow | 2 | |
| Watch Tower | 1 | |
| Voodoo Lounge | 1 | |
| Barracks | 1 | |
7 total
» build order
00:09 Altar of Storms
00:13 War Mill
00:18 Orc Burrow
02:07 Orc Burrow
02:57 Watch Tower
04:49 Voodoo Lounge
05:53 Barracks
Chat log
(05:03 / All) miguel: HAUHAUUAHAUH